 Dungeon Crawl Stone Soup version 0.32-a0-484-g2eb335deba (webtiles) character file.

Game seed: 14724153656904161529

43 mopl the Apothecary (level 3, 0/21 HPs)
             Began as an Octopode Alchemist on Feb 26, 2024.
             Slain by a cerulean imp
             ... wielding a +2 spear
             ... summoned by Natasha
              (3 damage)
             ... on level 2 of the Dungeon.
             The game lasted 00:01:09 (1128 turns).

mopl the Apothecary (Octopode Alchemist)            Turns: 1128, Time: 00:01:10

Health: 0/21       AC:  1    Str:  7    XL:     3   Next: 58%
Magic:  2/6        EV: 13    Int: 19    God:
Gold:   87         SH:  0    Dex: 12    Spells: 6/7 levels left

rFire   . . .        (no weapon)
rCold   . . .        (no shield)
rNeg    . . .        (helmet restricted)
rPois   .            (no amulet)
rElec   .            (no ring)
rCorr   .            (no ring)
SInv    .            (no ring)
Will    .....        (no ring)
Stlth   +++          (no ring)
HPRegen 0.23/turn    (no ring)
MPRegen 0.10/turn    (no ring)
                     (no ring)

%: no passive effects
@: slowed, very slow
A: almost no armour, amphibious, 8 rings, camouflage 1, gelatinous body 1,
(nimble swimmer 1), tentacles
a: no special abilities


You were on level 2 of the Dungeon.
You visited 1 branch of the dungeon, and saw 2 of its levels.

You collected 87 gold pieces.

Inventory:

Scrolls
 b - 3 scrolls of amnesia {unknown}
 e - a scroll of poison {unknown}
 f - a scroll of fear {unknown}
 g - 4 scrolls of identify {unknown}
 h - a scroll of revelation {unknown}
Potions
 a - a potion of magic
 c - a potion of mutation {unknown}
 d - 2 potions of degeneration {unknown}


   Skills:
 - Level 2.0 Dodging
 - Level 2.6 Stealth
 + Level 2.6 Spellcasting
 + Level 2.0 Conjurations
 + Level 3.9 Alchemy


You had 6 spell levels left.
You knew the following spells:

 Your Spells              Type           Power      Damage    Failure   Level
a - Sting                 Conj/Alch      52%        1d6       4%          1

Your spell library contained the following spells:

 Spells                   Type           Power      Damage    Failure   Level
 Mercury Vapours          Alch/Air       18%        N/A       11%         2
 Mephitic Cloud           Conj/Alch/Air  10%        N/A       22%         3
 Olgreb's Toxic Radiance  Alch           17%        N/A       30%         4
 Sticky Flame             Fire/Alch      9%         2d5       56%         4


Dungeon Overview and Level Annotations

Branches:
Dungeon (2/15)

Altars:

Annotations:
D:2 Natasha, Sigmund


Innate Abilities, Weirdness & Mutations

You cannot wear most types of armour.
You are amphibious.
You can wear up to eight rings at the same time.
Your skin changes colour to match your surroundings (Stealth+).
Your rubbery body absorbs attacks. (AC +1, EV +1)
((You are camouflaged when in or above water. (Stealth+)))
You have tentacles for arms and can constrict up to eight enemies at once.


Message History

The kobold shouts!
You hear an angry hiss.
The sting hits the kobold but does no damage.
The kobold looks even sicker.
Natasha, Servant of Life and Death comes into view.
The kobold closely misses you.
The sting hits the kobold.
The kobold looks even sicker.
The kobold is moderately wounded.
Natasha mumbles some strange words.
Natasha glows brightly for a moment.
The kobold barely misses you.
The sting hits the kobold.
The kobold looks as sick as possible!
You kill the kobold!
Natasha casts a spell.
There is a stone staircase leading down here.
You see here a +0 dagger.
You barely miss Natasha. You grab Natasha. You constrict Natasha.
Natasha casts a spell at you.
You feel yourself slow down.
You tentacle-slap Natasha but do no damage.
Natasha is lightly wounded.
You constrict Natasha, but do no damage.
The cerulean imp hits you from afar with a +2 spear!
Natasha barely misses you.
The cerulean imp hits you from afar with a +2 spear.
You tentacle-slap Natasha but do no damage.
Natasha is lightly wounded.
You constrict Natasha. Natasha claws you!
* * * LOW HITPOINT WARNING * * *
The cerulean imp barely misses you. Natasha misses you.
Unknown command.
Casting: Sting (safe; 4% risk of failure)
Confirm with . or Enter, or press ? or * to list all spells.
Aiming: Sting (safe; 4% risk of failure)
Press: ? - help, Shift-Dir - straight line, f - Natasha
Aim: Natasha (moderately wounded, constricted by you, 94% to hit)
The sting hits Natasha.
Natasha is poisoned.
Natasha is moderately wounded.
You constrict Natasha.
The cerulean imp hits you from afar with a +2 spear.
You die...

###########
..........#
....#####.#
#...#####(#########
.............[....#
#...#####.#######.#
#.........# ##.##
......<...# ##>..#
#.######### #.@..#
#.# #.h..# #.#
#5#### #.# #. #.#
#. #.# #. #.# ..
#.# #. #.#


You could see Natasha (poisoned) and a cerulean imp (summoned).

Vanquished Creatures
  An adder (D:2)
  A dart slug (D:1)
  2 bats
  3 giant cockroaches (D:1)
  5 goblins
  7 hobgoblins
  A quokka (D:2)
  2 ball pythons
  3 frilled lizards
  A kobold (D:2)
  2 rats (D:1)
28 creatures vanquished.

Notes
Turn   | Place    | Note
-------+----------+-------------------------------------------
     0 | D:1      | mopl the Octopode Alchemist began the quest for the Orb.
     0 | D:1      | Reached XP level 1. HP: 11/11 MP: 3/3
   337 | D:1      | Reached XP level 2. HP: 10/17 MP: 1/5
   654 | D:1      | Reached XP level 3. HP: 21/21 MP: 0/6
   933 | D:2      | Reached skill level 2 in Conjurations
   938 | D:2      | Noticed Sigmund
  1120 | D:2      | Noticed Natasha
  1128 | D:2      | Slain by a cerulean imp

Illustrated notes

Levels and vault maps discovered:
D:1:      psy_arrival_radial01, layout_basic
D:2:      layout_loops_cross, uniq_natasha, uniq_sigmund

Skill      XL: |  1  2  3 |
---------------+----------+-----
Conjurations   | 2 |  2.0
Dodging        | |  2.0
Stealth        | |  2.6
Spellcasting   | |  2.6
Alchemy        | |  3.9

Action                     || total
---------------------------++-------
  Melee: Unarmed           ||    41
         Constrict         ||    11
         Tentacles         ||     9
         Punch             ||     1
   Cast: Sting             ||    34
   Stab: Sleeping          ||     1
 Armour: Skin              ||    21
  Dodge: Dodged            ||    33

Table legend: (Time is in decaauts)
 A = Elapsed time spent in this place.
 B = Non-inter-level travel time spent in this place.
 C = Inter-level travel time spent in this place.
 D = Time resting spent in this place.
 E = Time spent auto-exploring this place.
 F = Levels seen in this place.
 G = Mean time per level.
                   A        B        C        D        E       F      G
               +--------+--------+--------+--------+--------+-----+--------+
         Total |   1128 |   1103 |     25 |     95 |    827 |   2 |  564.0 |
       Dungeon |   1128 |   1103 |     25 |     95 |    827 |   2 |  564.0 |
               +--------+--------+--------+--------+--------+-----+--------+

Top non-repeatable levels by time:
     D:1: 845 daAuts
     D:2: 283 daAuts
